 Dungeon Crawl Stone Soup version 0.19.4-10-g532645f (webtiles) character file.

308 Groentje the Cudgeler (level 6, -1/53 HPs)
             Began as a Minotaur Berserker on Feb 25, 2017.
             Was a Priest of Trog.
             Slain by blastoid's ghost (7 damage)
             ... on level 4 of the Dungeon.
             The game lasted 00:36:25 (2031 turns).

Groentje the Cudgeler (Minotaur Berserker)          Turns: 2031, Time: 00:36:26

Health: -1/53      AC:  9    Str: 23    XL:     6   Next: 17%
Magic:  5/5        EV:  9    Int:  4    God:    Trog [***...]
Gold:   95         SH:  0    Dex: 10    Spells: 0 memorised, 5 levels left

rFire  . . .     SeeInvis .     u - +2 short sword (drain)
rCold  . . .     Gourm    .     A - +0 chain mail
rNeg   . . .     Faith    .     (no shield)
rPois  .         Spirit   .     (helmet restricted)
rElec  .         Reflect  .     (no cloak)
rCorr  .         Harm     .     (no gloves)
MR     .....                    (no boots)
Stlth  ..........               (no amulet)
                                (no ring)
                                (no ring)

@: no status effects
A: retaliatory headbutt, horns 2
a: Berserk, Trog's Hand, Burn Spellbooks, Renounce Religion


You were on level 4 of the Dungeon.
You worshipped Trog.
Trog was most pleased with you.
You were hungry.

You visited 1 branch of the dungeon, and saw 4 of its levels.

You collected 95 gold pieces.

Inventory:

Hand Weapons
 a - a +0 mace
 d - a +0 hand axe of flaming
 i - a +0 spear
 u - a +2 short sword of draining (weapon)
 E - a +0 great sword
Missiles
 e - 64 stones (quivered)
 m - 59 sling bullets
 v - 70 bolts
Armour
 b - a +0 animal skin
 g - a +1 cloak
 p - a +0 leather armour
 r - a +0 ring mail
 A - a +0 chain mail (worn)
Scrolls
 h - a scroll of enchant weapon {unknown}
 k - a scroll of magic mapping {unknown}
 l - a scroll of remove curse {unknown}
 q - 2 scrolls of identify {unknown}
 s - a scroll of recharging {unknown}
 t - a scroll of amnesia {unknown}
 w - a scroll of immolation {unknown}
 y - a scroll of noise {unknown}
 F - a scroll of random uselessness {unknown}
Potions
 B - a potion of brilliance
 C - a potion of flight {unknown}
 D - a potion of haste {unknown}
Comestibles
 c - 5 bread rations
 f - 4 meat rations
 j - a beef jerky
 n - a chunk of flesh
 o - a royal jelly


   Skills:
 + Level 4.6 Fighting
 + Level 2.5 Short Blades
 + Level 0.5(3.0) Axes
 + Level 4.7(4.8) Maces & Flails
 + Level 2.0 Throwing
 + Level 4.6 Armour
 + Level 2.6 Dodging
 + Level 0.1 Stealth


You had 5 spell levels left.
You didn't know any spells.

Dungeon Overview and Level Annotations

Branches:
Dungeon (4/15)
 Temple: D:4-7

Altars:

Annotations:
D:4 blastoid's ghost, novice MiBe


Innate Abilities, Weirdness & Mutations

You reflexively headbutt those who attack you in melee.
You have a pair of horns on your head.


Message History

Blastoid's ghost lets out a mournful wail.
You feel a little less mighty now.
Some of the chunks of flesh in your inventory have rotted away.
Blastoid's ghost screams in joy, "As in life, so in death: Kill!
Kill!!
Kill!!!"
Items here: )) [[ a flail; a leather armour; a dagger; a leather armour Some of the chunks of flesh in your inventory have rotted away.
Blastoid's ghost barely misses you.
There is a stone staircase leading down here.
You hit blastoid's ghost.
Blastoid's ghost is lightly damaged.
Blastoid's ghost hits you but does no damage.
You closely miss blastoid's ghost. You headbutt blastoid's ghost.
Blastoid's ghost is lightly damaged.
Blastoid's ghost hits you!
* * * LOW HITPOINT WARNING * * *
You closely miss blastoid's ghost. You headbutt blastoid's ghost.
Blastoid's ghost is lightly damaged.
Blastoid's ghost hits you!
You die...

#((####...#.#)).
###(##...###.#.##
#..)...### #.#...
###...## #.##..
##..######.#..#
###.............
#####..>.......#####
#........#..........
#..@W......#.######.
#..........#.#......
#..............#####
#.................#
#..........######...
#............ ..
#............ #
#.......... .....


You could see blastoid's ghost.

Vanquished Creatures
  A black bear (D:3)
  2 orc wizards (D:4)
  2 hound skeletons
  3 gnolls (D:3)
  2 adders (D:4)
  An ooze (D:2)
  4 worms
  A dart slug (D:1)
  6 orcs (D:4)
  4 bats
  6 giant cockroaches
  4 goblins
  8 hobgoblins
  10 jackals
  A quokka (D:2)
  4 frilled lizards
  4 kobolds
  6 rats
69 creatures vanquished.

Notes
Turn   | Place    | Note
-------+----------+-------------------------------------------
     0 | D:1      | Groentje the Minotaur Berserker began the quest for the Orb.
     0 | D:1      | Reached XP level 1. HP: 19/19 MP: 0/0
     6 | D:1      | Noticed a black bear
     6 | D:1      | Noticed a swamp drake
     6 | D:1      | Noticed a black mamba
    88 | D:1      | Reached XP level 2. HP: 24/27 MP: 1/1
   701 | D:1      | Reached ** piety under Trog
   720 | D:1      | Reached XP level 3. HP: 33/33 MP: 2/2
   875 | D:2      | Reached skill level 1 in Throwing
  1253 | D:3      | Reached XP level 4. HP: 35/40 MP: 3/3
  1277 | D:3      | Noticed a black bear
  1289 | D:3      | Killed a black bear
  1289 | D:3      | Reached skill level 1 in Short Blades
  1289 | D:3      | Reached XP level 5. HP: 36/46 MP: 4/4
  1762 | D:3      | Reached *** piety under Trog
  1854 | D:4      | Reached XP level 6. HP: 41/53 MP: 5/5
  1941 | D:4      | Noticed blastoid's ghost (novice MiBe)
  2031 | D:4      | Slain by blastoid's ghost

Skill      XL: |  1  2  3  4  5  6 |
---------------+-------------------+-----
Maces & Flails | 4 |  4.7
Fighting       | 4 |  4.6
Throwing       | 1 2 |  2.0
Armour         | 3 4 |  4.6
Short Blades   | 1 2 |  2.5
Axes           | |  0.5
Dodging        | |  2.6
Stealth        | |  0.1

Action                   |  1- 3 |  4- 6 || total
-------------------------+-------+-------++-------
Melee: Mace              |    27 |       ||    27
       Headbutt          |    14 |    15 ||    29
       Short sword       |    45 |    83 ||   128
       Hand axe          |     7 |       ||     7
Throw: Stone             |    33 |    32 ||    65
  Use: Potion            |     2 |     4 ||     6
  Eat: Chunk             |     1 |     2 ||     3
Armor: Leather armour    |    10 |       ||    10
       Ring mail         |     6 |       ||     6
       Chain mail        |    20 |    55 ||    75
Dodge: Dodged            |    38 |    31 ||    69
